 Dungeon Crawl Stone Soup version bcrawl-1.12-10-g10a67aac0f (webtiles) character file.

Game seed: 7079124110019872881

19 MisterOstroum the Cudgeler (level 2, -1/29 HPs)
             Began as a Troll Chaos Knight on June 11, 2019.
             Was a Plaything of Xom.
             Slain by a hobgoblin
             ... wielding a +0 club
             ... led by Robin
              (10 damage)
             ... on level 2 of the Dungeon.
             The game lasted 00:01:02 (710 turns).

MisterOstroum the Cudgeler (Troll Chaos Knight)      Turns: 710, Time: 00:01:03

Health: -1/29      AC:  4    Str: 19    XL:     2   Next: 55%
Magic:  1/1        EV: 10    Int:  9    God:    Xom [..*...]
Gold:   137        SH:  0    Dex:  9    Spells: 1/1 levels left

rFire    . . .     SeeInvis .   a - +0 mace (chaos)
rCold    . . .     Gourm    +   (no shield)
rNeg     . . .     Faith    .   (armour unavailable)
rPois    .         Spirit   .   (helmet restricted)
rElec    .         Reflect  .   (no cloak)
rCorr    .         Harm     .   (gloves unavailable)
MR       .....                  (boots unavailable)
Stlth    +.........             (no amulet)
HPRegen  0.09/turn              (no ring)
MPRegen  0.07/turn              (no ring)

@: no status effects
A: large, almost no armour, unfitting armour, claws 3, fast metabolism 3,
gourmand, AC +4
a: Renounce Religion


You were on level 2 of the Dungeon.
You worshipped Xom.
You were a toy of Xom.
You were very full.

You visited 1 branch of the dungeon, and saw 2 of its levels.

You collected 137 gold pieces.

Inventory:

Hand Weapons
 a - a +0 mace of chaos (weapon)
Missiles
 b - 145 stones (quivered)
Jewellery
 h - an uncursed ring of poison resistance {unknown}
Scrolls
 d - a scroll of remove curse {unknown}
 f - 2 scrolls of teleportation {unknown}
 g - a scroll of identify {unknown}
 i - a scroll of enchant weapon {unknown}
Potions
 c - a potion of degeneration {unknown}
Comestibles
 e - 2 rations {!d}


   Skills:
 + Level 2.8 Fighting
 - Level 3.0 Maces & Flails
 - Level 1.9 Dodging
 + Level 1.4 Unarmed Combat


You had one spell level left.
You didn't know any spells.
Your spell library was empty.

Dungeon Overview and Level Annotations

Branches:
Dungeon (2/12)

Altars:

Annotations:
D:2 Robin


Innate Abilities, Weirdness & Mutations

You cannot wear most types of armour.
Your thick skin is tough. (AC +4)
You are too large for most types of armour.
You have claws for hands.
Your metabolism is lightning-fast.
You like to eat raw meat.


Message History

You kill the bat!
No target in view!
No target in view!
No target in view!
No target in view!
No target in view!
No target in view!
Found a leather armour.
There is an open door here.
There is an open door here.
Found 184 bolts.
A giant cockroach comes into view.
You hit the giant cockroach.
The giant cockroach is poisoned.
The giant cockroach is severely wounded.
You kill the giant cockroach!
No target in view!
No target in view!
No target in view!
No target in view!
No target in view!
Done exploring.
Done exploring.
Done exploring.
(D) Dungeon
Where to? (? - help)
There is a large open door here.
There is a large open door here.
There is an open door here.
Things that are here:
a +0 short sword; a kobold skeleton
There is a stone staircase leading down here.
You climb downwards. 4 goblins, 2 hobgoblins and Robin come into view.
The hobgoblin shouts!
The goblin shouts! x2; The hobgoblin shouts!
Robin shouts!
You hear a shout!
There is a stone staircase leading up here.
There are monsters nearby!
A goblin comes into view. It is wielding a +0 club.
The goblin shouts!
Robin throws the goblin at you!
The hobgoblin hits you with a +0 club. x2
You hit the hobgoblin.
You feel better.
You kill the hobgoblin!
The goblin completely misses you. Robin throws the goblin at you!
You miss the goblin. The goblin hits you but does no damage.
Robin roars a battlecry!
The goblins go into a battle-frenzy!
The goblin hits you but does no damage. The goblin barely misses you.
The hobgoblin hits you but does no damage.
You closely miss the goblin. The goblin hits you but does no damage.
The goblin hits you. The goblin hits you but does no damage.
The hobgoblin closely misses you. The goblin hits you with a +0 club.
You miss the goblin. The goblin completely misses you.
The goblin closely misses you. x2
The hobgoblin hits you but does no damage.
The goblin closely misses you. x2; The goblin hits you with a +0 dagger.
The goblin hits you but does no damage.
You closely miss the goblin. The hobgoblin hits you with a +0 club.
The goblin closely misses you. The goblin hits you.
The goblin hits you but does no damage. x2
You are too injured to fight recklessly!
You are too injured to fight recklessly!
You are too injured to fight recklessly!
You are too injured to fight recklessly!
You are too injured to fight recklessly!
You are too injured to fight recklessly!
You are too injured to fight recklessly!
You are too injured to fight recklessly!
You are too injured to fight recklessly!
You are too injured to fight recklessly!
You are too injured to fight recklessly!
You are too injured to fight recklessly!
You are too injured to fight recklessly!
You are too injured to fight recklessly!
You are too injured to fight recklessly!
You are too injured to fight recklessly!
You are too injured to fight recklessly!
You are too injured to fight recklessly!
You are too injured to fight recklessly!
You are too injured to fight recklessly!
You are too injured to fight recklessly!
You are too injured to fight recklessly!
You are too injured to fight recklessly!
You are too injured to fight recklessly!
You are too injured to fight recklessly!
You are too injured to fight recklessly!
You are too injured to fight recklessly!
You are too injured to fight recklessly!
You hit the hobgoblin. You freeze the hobgoblin.
The hobgoblin is severely wounded.
The hobgoblin barely misses you. The goblin hits you but does no damage.
The goblin barely misses you. The goblin closely misses you.
The goblin barely misses you.
You hit the hobgoblin but do no damage.
The hobgoblin is severely wounded.
The hobgoblin hits you but does no damage.
The goblin hits you but does no damage. The goblin hits you with a +0 dagger.
The goblin hits you but does no damage. The goblin hits you.
The hobgoblin hits you with a +0 club!
You die...
Xom snickers!

##. ..# ..
.. ###. ..
...# .#
...##.#
#.....#
######g#g..#
...gg.g@g..#
#######g#.##
.....#
#.###### #


You could see Robin, a hobgoblin and 5 goblins.

Vanquished Creatures
  A dart slug (D:1)
  A leopard gecko (D:1)
  3 giant cockroaches (D:1)
  2 goblins (D:1)
  A hobgoblin (D:2)
  2 bats (D:1)
  A frilled lizard (D:1)
  3 kobolds (D:1)
  2 rats (D:1)
16 creatures vanquished.

Notes
Turn   | Place    | Note
-------+----------+-------------------------------------------
     0 | D:1      | MisterOstroum the Troll Chaos Knight began the quest for
                  | the Orb.
     0 | D:1      | Reached XP level 1. HP: 22/22 MP: 0/0
   101 | D:1      | XOM: potion effect (agility)
   129 | D:1      | Reached skill level 1 in Unarmed Combat
   150 | D:1      | XOM: harmless Pois miscast
   175 | D:1      | Reached XP level 2. HP: 21/29 MP: 1/1
   204 | D:1      | XOM: harmless Tloc miscast
   702 | D:2      | Identified the +2 helmet of Qazlal's Favour {*Corrode rPois
                  | Str+4}
   702 | D:2      | Noticed Robin
   710 | D:2      | Slain by a hobgoblin

Skill      XL: |  1 |
---------------+----+-----
Unarmed Combat | 1 |  1.4
Fighting       | |  2.8
Maces & Flails | |  3.0
Dodging        | |  1.9

Action                   || total
-------------------------++-------
Melee: Mace              ||    43
 Stab: Confused          ||     1
  Eat: Chunk             ||     9
Armor: Skin              ||    17
Dodge: Dodged            ||    44
